 Dungeon Crawl Stone Soup version 0.26.0-10-g1f06aea511 (webtiles) character file.

Game seed: 4302192052193107484

36521 TrebMcFLY the Grappler (level 13, -1/90 HPs)
             Began as an Octopode Fighter on Jan 17, 2021.
             Was a High Priest of Okawaru.
             Slain by a two-headed ogre
             ... wielding a +0 giant club
              (20 damage)
             ... while paralysed by an orc sorcerer
             ... on level 1 of the Orcish Mines.
             The game lasted 01:12:17 (22585 turns).

TrebMcFLY the Grappler (Octopode Fighter)          Turns: 22585, Time: 01:12:18

Health: -1/90      AC:  4    Str: 25    XL:     13   Next: 90%
Magic:  27/27      EV:  2    Int: 16    God:    Okawaru [*****.]
Gold:   958        SH:  0    Dex: 16    Spells: 9/12 levels left

rFire    + . .     SeeInvis +     - Unarmed
rCold    . . .     Faith    .   Q - +2 kite shield {AC+3}
rNeg     . . .     Spirit   .   (helmet restricted)
rPois    .         Reflect  .   P - amulet of regeneration
rElec    +         Harm     .   u - ring of magical power
rCorr    +         Rampage  .   A - ring of flight
Will     .....                  H - ring of resist corrosion
Stlth    ++++++....             g - ring "Hexagiste" {rElec SInv}
HPRegen  0.65/turn              p - ring of stealth
MPRegen  0.20/turn              R - ring "Bivimm" {+Blink rF+ Int+5 Dex+4}
                                S - +6 ring of strength
                                (no ring)

@: paralysed, heroism
A: almost no armour, stealthy swim, amphibious, 8 rings, constrict 8, camouflage
1, gelatinous body 1
a: Renounce Religion, Evoke Blink, Evoke Flight, Heroism, Finesse


You were on level 1 of the Orcish Mines.
You worshipped Okawaru.
Okawaru was extremely pleased with you.
You visited 4 branches of the dungeon, and saw 21 of its levels.
You also visited: Gauntlet.

You collected 1009 gold pieces.
You spent 51 gold pieces at shops.

Inventory:

Hand Weapons
 i - the +8 lance "Wyrmbane" {slay drac, rPois rF+ rC+ AC+3}
   (You found it in a Gauntlet)

   It affects your AC (+3).
   It protects you from fire.
   It protects you from cold.
   It protects you from poison.
Missiles
 h - 2 silver javelins
 s - 15 boomerangs
 x - 37 poisoned darts (quivered)
 K - 2 curare-tipped darts
Armour
 Q - a +2 kite shield of protection (worn)
Jewellery
 g - the ring "Hexagiste" (on tentacle) {rElec SInv}
   (You found it in a Gauntlet)

   [ring of see invisible]

   It insulates you from electricity.
   It lets you see invisible.
 p - a ring of stealth (on tentacle)
 u - a ring of magical power (left tentacle)
 A - a ring of flight (right tentacle)
 H - a ring of resist corrosion (on tentacle)
 P - an amulet of regeneration (around mantle)
 R - the ring "Bivimm" (on tentacle) {+Blink rF+ Int+5 Dex+4}
   (You found it on level 11 of the Dungeon)

   [ring of protection from fire]

   It affects your intelligence (+5).
   It affects your dexterity (+4).
   It protects you from fire.
   It lets you blink.
 S - a +6 ring of strength (on tentacle)
Wands
 a - a wand of random effects (18)
 z - a wand of disintegration (29)
 C - a wand of flame (86)
 I - a wand of acid (8)
 L - a wand of paralysis (21)
 M - a wand of iceblast (35)
 O - a wand of digging (7)
Scrolls
 c - 6 scrolls of remove curse
 d - a scroll of fog
 n - 7 scrolls of teleportation
 o - a scroll of amnesia
 r - 2 scrolls of fear
 w - 5 scrolls of enchant armour
 y - a scroll of magic mapping
 B - 2 scrolls of blinking
 T - 3 scrolls of identify
Potions
 b - 2 potions of might
 e - 2 potions of heal wounds
 f - 2 potions of magic
 j - 3 potions of curing
 k - a potion of berserk rage
 m - 3 potions of haste
 q - 3 potions of mutation
 t - 2 potions of ambrosia
 v - a potion of attraction
 D - a potion of flight
 E - 2 potions of cancellation
 F - a potion of invisibility
 G - a potion of brilliance
 J - 4 potions of resistance
 N - 3 potions of lignification
 U - a potion of degeneration {unknown}
Miscellaneous
 l - a phantom mirror


   Skills:
 + Level 9.4(14.4) Fighting
 * Level 6.9(11.9) Polearms
 - Level 6.7(11.7) Throwing
 + Level 8.5(13.5) Dodging
 - Level 5.0(10.0) Stealth
 + Level 8.5(13.5) Shields
 * Level 13.4(18.4) Unarmed Combat
 - Level 1.1 Hexes
 + Level 7.6 Invocations
 - Level 4.0 Evocations


You had 9 spell levels left.
You knew the following spells:

 Your Spells              Type           Power        Failure   Level
a - Corona                Hex            3%           19%         1
b - Blink                 Tloc           N/A          41%         2

Your spell library contained the following spells:

 Spells                   Type           Power        Failure   Level
 Foxfire                  Conj/Fire      0%           30%         1
 Magic Dart               Conj           0%           30%         1
 Sting                    Tmut/Pois      0%           30%         1
 Ensorcelled Hibernation  Hex/Ice        2%           36%         2
 Poisonous Vapours        Pois/Air       0%           41%         2
 Searing Ray              Conj           0%           41%         2
 Confusing Touch          Hex            3%           50%         3
 Tukima's Dance           Hex            3%           50%         3
 Dazzling Flash           Conj/Hex       2%           58%         3
 Conjure Flame            Conj/Fire      0%           65%         3
 Gell's Gravitas          Tloc           0%           65%         3
 Lesser Beckoning         Tloc           0%           65%         3
 Mephitic Cloud           Conj/Pois/Air  0%           65%         3
 Teleport Other           Tloc           0%           65%         3
 Fulminant Prism          Conj/Hex       0%           94%         4
 Ice Form                 Ice/Tmut       0%           96%         4
 Iskenderun's Mystic Bla  Conj/Tloc      0%           96%         4
 Passage of Golubria      Tloc           N/A          96%         4
 Petrify                  Tmut/Erth      0%           96%         4
 Sticky Flame             Conj/Fire      0%           96%         4
 Metabolic Englaciation   Hex/Ice        0%           100%        5
 Yara's Violent Unravell  Hex/Tmut       0%           100%        5
 Freezing Cloud           Conj/Ice/Air   0%           100%        6
 Ozocubu's Refrigeration  Ice            0%           100%        6
 Simulacrum               Ice/Necr       0%           100%        6
 Starburst                Conj/Fire      0%           100%        6
 Spellforged Servitor     Conj/Summ      0%           100%        7


Dungeon Overview and Level Annotations

Branches:
Dungeon (14/15)            Temple (1/1) D:6            Lair (5/6) D:8
  Snake (0/4) Lair:3          Orc (1/2) D:12         Vaults (0/5) D:13
Gauntlet (visited)
  Swamp: Lair:2-4    Shoals: Lair:2-4     Slime: Lair:5-6

Altars:
Ashenzari
Cheibriados
Dithmenos
Elyvilon
Fedhas
Gozag
Hepliaklqana
Kikubaaqudgha
Makhleb
Nemelex Xobeh
Okawaru
Qazlal
Ru
Sif Muna
Trog
Uskayaw
Vehumet
Wu Jian
Xom
Yredelemnul
Zin
The Shining One

Shops:
D:7 ***

Portals:
Trove: D:11 (give +8 demon trident)

Annotations:
D:5 1 exclusion
D:12 Rupert
Lair:1 exclusion: 3 oklob plants
Lair:5 exclusion: oklob plant


Innate Abilities, Weirdness & Mutations

You cannot wear most types of armour.
You are very stealthy in the water. (Stealth+)
You are amphibious.
You can wear up to eight rings at the same time.
You can use your tentacles to constrict eight enemies at once.
Your skin changes colour to match your surroundings (Stealth+).
Your rubbery body absorbs attacks. (AC +1, EV +1)


Message History

The orc hits you with a +0 falchion of holy wrath.
The orc wizard hits you but does no damage.
The orc sorcerer points at you and mumbles some strange words.
You resist with some effort. The orc priest hits you. The wolf bites you.
The orc wizard hits you but does no damage.
The orc hits you with a +0 falchion of holy wrath.
The wolf bites you.
The two-headed ogre hits you with a +0 giant club!
The two-headed ogre hits you with a +0 dire flail.
The orc sorcerer barely misses you.
The orc priest invokes the aid of Beogh against you.
Beogh smites you!
* * * LOW HITPOINT WARNING * * *
The wolf bites you.
* * * LOW HITPOINT WARNING * * *
The orc wizard hits you with a +0 dagger.
* * * LOW HITPOINT WARNING * * *
The orc hits you but does no damage.
The two-headed ogre hits you with a +0 giant club!!
You die...

#..... #....##
#.....##
#......#
#......#
#......##
####o$.....#
#..O@o....#
......oho....#
.........(...P.
...............
#.............#
...............
.#.............
........$.....


You could see a two-headed ogre, an orc sorcerer, a wolf, an orc priest, an orc
wizard and an orc.

Vanquished Creatures
  A minotaur (Gauntlet)
  4 hydras
  Harold (D:7)
  A vault guard (D:13)
  2 centaur warriors (D:13)
  3 two-headed ogres
  7 death yaks
  A tengu warrior (D:14)
  A manticore (D:13)
  An ugly thing (D:12)
  2 cyclopes
  Joseph (D:7)
  A black mamba (Lair:5)
  A guardian serpent (Lair:3)
  A gargoyle (D:12)
  A rime drake (Lair:5)
  Maggie (D:7)
  An efreet (D:10)
  9 cane toads
  5 komodo dragons
  4 trolls
  4 polar bears (Lair:4)
  Grinder (D:5)
  2 hornets
  5 blink frogs (Lair:2)
  2 wyverns (Lair:3)
  4 fire bats (D:11)
  A vampire (D:13)
  2 basilisks
  15 yaks
  The ghost of Asparus the Grave Robber, an amateur DsNe (D:7)
  A vampire mosquito (D:13)
  A warg (D:12)
  2 large abominations (Gauntlet)
  2 acid dragons (D:13)
  A hell hound (D:11)
  11 water moccasins
  An ice beast (D:10)
  5 orc warriors
  2 sky beasts
  A black bear (Lair:1)
  2 necrophages
  A phantom (D:11)
  7 wolves
  5 ogres
  3 boggarts (D:14)
  2 centaurs
  3 big kobolds
  10 bullfrogs
  2 scorpions
  10 killer bees (D:11)
  3 small abominations (Gauntlet)
  21 wights
  A howler monkey (D:13)
  A bullfrog zombie (D:11)
  2 centaur zombies
  2 lava snakes (D:11)
  6 hounds
  2 jellies
  A bullfrog skeleton (D:5)
  12 orc priests
  2 centaur skeletons
  12 orc wizards
  Crazy Yiuf (D:3)
  4 iguanas
  6 worker ants
  2 hound skeletons
  A howler monkey zombie (D:5)
  6 gnolls (D:7)
  A howler monkey skeleton (D:5)
  8 adders
  A shadow imp (D:9)
  2 white imps
  4 ufetubi
  3 adder skeletons
  6 worms
  3 dart slugs
  3 leopard geckos
  52 orcs
  10 bats
  4 giant cockroaches
  17 goblins
  8 hobgoblins
  9 jackals
  4 quokkas
  3 ball pythons
  6 frilled lizards
  21 kobolds
  6 rats
  3 fire vortices (D:11)
417 creatures vanquished.

Vanquished Creatures (others)
  10 fungi
  12 plants
  16 withered plants
38 creatures vanquished.

Grand Total: 455 creatures vanquished

Notes
Turn   | Place    | Note
-------+----------+-------------------------------------------
     0 | D:1      | TrebMcFLY the Octopode Fighter began the quest for the Orb.
     0 | D:1      | Reached XP level 1. HP: 16/16 MP: 1/1
    98 | D:1      | Reached skill level 1 in Stealth
   100 | D:1      | Reached XP level 2. HP: 18/21 MP: 2/2
   495 | D:1      | Reached skill level 3 in Unarmed Combat
   529 | D:1      | Reached XP level 3. HP: 22/26 MP: 3/3
  1281 | D:2      | Reached XP level 4. HP: 16/31 MP: 4/4
  2235 | D:3      | Reached skill level 4 in Unarmed Combat
  2421 | D:3      | Reached XP level 5. HP: 36/36 MP: 5/5
  2727 | D:3      | Found a runed translucent door.
  2728 | D:3      | Noticed Crazy Yiuf
  3017 | D:3      | Noticed an ogre
  3474 | D:3      | Reached skill level 5 in Unarmed Combat
  3615 | D:4      | Found a shimmering altar of Xom.
  3615 | D:4      | Found a radiant altar of Vehumet.
  3615 | D:4      | Found a white marble altar of Elyvilon.
  3674 | D:4      | Found a broken altar of Ashenzari.
  3674 | D:4      | Found a glowing golden altar of the Shining One.
  3707 | D:4      | Reached XP level 6. HP: 40/42 MP: 6/6
  4228 | D:4      | Reached skill level 5 in Stealth
  4561 | D:5      | Entered Level 5 of the Dungeon
  4673 | D:5      | Noticed Grinder
  4972 | D:5      | Reached skill level 1 in Throwing
  4972 | D:5      | Reached skill level 6 in Unarmed Combat
  4972 | D:5      | Reached XP level 7. HP: 29/46 MP: 7/7
  5436 | D:6      | Found a staircase to the Ecumenical Temple.
  5444 | Temple   | Entered the Ecumenical Temple
  6135 | D:6      | Found an ornate altar of the Wu Jian Council.
  6711 | D:6      | Reached skill level 7 in Unarmed Combat
  6711 | D:6      | Reached XP level 8. HP: 52/54 MP: 8/8
  7153 | D:7      | Found a shadowy altar of Dithmenos.
  7153 | D:7      | Noticed Joseph
  7582 | D:7      | Noticed Maggie
  7595 | D:7      | Found a runed translucent door.
  7595 | D:7      | Noticed Asparus's ghost (amateur DsNe)
  7669 | D:7      | Found Jexiw's General Store.
  7888 | D:7      | Killed Maggie
  7889 | D:7      | Reached skill level 5 in Fighting
  7889 | D:7      | Reached skill level 8 in Unarmed Combat
  8212 | D:7      | Found an ornate altar of the Wu Jian Council.
  8212 | D:7      | Found an iron altar of Okawaru.
  8212 | D:7      | Found a stormy altar of Qazlal.
  8218 | D:7      | Found an ancient bone altar of Kikubaaqudgha.
  8218 | D:7      | Found a sacrificial altar of Ru.
  8226 | D:7      | Became a worshipper of Warmaster Okawaru
  8255 | D:7      | Noticed Harold
  8306 | D:8      | Found a staircase to the Lair.
  8417 | D:8      | Reached skill level 1 in Invocations
  8420 | D:8      | Reached XP level 9. HP: 21/61 MP: 9/9
  8822 | D:8      | Noticed a two-headed ogre
  9624 | D:9      | Reached * piety under Okawaru
 10374 | D:9      | Found a hazy altar of Hepliaklqana.
 10511 | D:9      | Reached skill level 9 in Unarmed Combat
 11014 | D:8      | Killed a two-headed ogre
 11015 | D:8      | Reached skill level 5 in Throwing
 11073 | D:9      | Learned a level 1 spell: Corona
 11074 | D:10     | Entered Level 10 of the Dungeon
 11101 | D:10     | Noticed a hornet
 11107 | D:10     | Killed a hornet
 11108 | D:10     | Reached XP level 10. HP: 68/68 MP: 12/12
 12089 | D:10     | Reached ** piety under Okawaru
 12405 | Lair:1   | Entered Level 1 of the Lair of Beasts
 12407 | Lair:1   | Noticed a cane toad
 12415 | Lair:1   | Killed a cane toad
 12416 | Lair:1   | Reached skill level 5 in Shields
 12449 | Lair:1   | Noticed a cane toad
 12457 | Lair:1   | Killed a cane toad
 12458 | Lair:1   | Reached skill level 5 in Dodging
 12458 | Lair:1   | Reached skill level 10 in Unarmed Combat
 13042 | Lair:1   | Reached *** piety under Okawaru
 13410 | Lair:1   | Noticed an oklob plant
 13410 | Lair:1   | Noticed an oklob plant
 13410 | Lair:1   | Noticed an oklob plant
 13450 | Lair:1   | Noticed a cane toad
 13459 | Lair:1   | Killed a cane toad
 13459 | Lair:1   | Received a gift from Okawaru
 13660 | Lair:1   | Noticed a cane toad
 13668 | Lair:1   | Killed a cane toad
 13884 | Lair:2   | Reached skill level 5 in Invocations
 13884 | Lair:2   | Reached XP level 11. HP: 55/75 MP: 14/14
 14198 | Lair:2   | Received a gift from Okawaru
 14664 | Lair:3   | Reached skill level 11 in Unarmed Combat
 14842 | Lair:3   | Found a staircase to the Snake Pit.
 14879 | Lair:3   | Received a gift from Okawaru
 14924 | Lair:3   | Noticed an eight-headed hydra
 15004 | Lair:3   | Noticed a death yak
 15048 | Lair:3   | Noticed a bog body
 15132 | Lair:3   | Killed a death yak
 15132 | Lair:3   | Reached **** piety under Okawaru
 15158 | Lair:3   | Noticed a death yak
 15164 | Lair:3   | Noticed a death yak
 15183 | Lair:3   | Killed a death yak
 15271 | Lair:3   | Killed a death yak
 15450 | Lair:4   | Noticed a four-headed hydra
 15461 | Lair:4   | Killed a four-headed hydra
 15534 | Lair:4   | Reached skill level 1 in Evocations
 15534 | Lair:4   | Found a gate leading to a gauntlet.
 15548 | Gauntlet | Entered a Gauntlet
 15548 | Gauntlet | Found a runed translucent door.
 15548 | Gauntlet | Found a transporter.
 15548 | Gauntlet | Found a transporter.
 15548 | Gauntlet | Found a runed translucent door.
 15549 | Gauntlet | Found a transporter.
 15550 | Gauntlet | Found a transporter.
 15550 | Gauntlet | Found a transporter.
 15553 | Gauntlet | Found a transporter.
 15559 | Gauntlet | Noticed a sixfirhy
 15560 | Gauntlet | Found a transporter.
 15562 | Gauntlet | Found a transporter.
 15564 | Gauntlet | Found a transporter.
 15564 | Gauntlet | Found a transporter.
 15566 | Gauntlet | Noticed a ghost crab
 15567 | Gauntlet | Found the +8 lance "Wyrmbane" {slay drac, rPois rF+ rC+
                  | AC+3}
 15572 | Gauntlet | Found a transporter.
 15572 | Gauntlet | Found a transporter.
 15695 | Gauntlet | Noticed a wretched star
 15818 | Gauntlet | Received a gift from Okawaru
 15835 | Gauntlet | Reached XP level 12. HP: 78/82 MP: 16/16
 15837 | Gauntlet | Got a coiled tin ring
 15841 | Gauntlet | Identified the ring "Hexagiste" {rElec SInv} (You found it
                  | in a Gauntlet)
 15913 | Gauntlet | Noticed a minotaur
 15921 | Gauntlet | Killed a minotaur
 15922 | Gauntlet | Reached skill level 1 in Hexes
 16252 | Lair:4   | Reached skill level 12 in Unarmed Combat
 16353 | Lair:4   | Reached ***** piety under Okawaru
 16447 | Lair:4   | Reached skill level 1 in Polearms
 16486 | Lair:4   | Noticed a five-headed hydra
 16497 | Lair:4   | Killed a five-headed hydra
 17289 | Lair:5   | Noticed a death yak
 17289 | Lair:5   | Noticed a death yak
 17289 | Lair:5   | Noticed a death yak
 17289 | Lair:5   | Noticed a death yak
 17289 | Lair:5   | Noticed a death yak
 17296 | Lair:4   | Killed a death yak
 17370 | Lair:5   | Received a gift from Okawaru
 17448 | Lair:5   | Learned a level 2 spell: Blink
 17645 | Lair:5   | Killed a death yak
 17674 | Lair:5   | Killed a death yak
 17742 | Lair:4   | Killed a death yak
 18263 | D:11     | Noticed a two-headed ogre
 18287 | D:11     | Killed a two-headed ogre
 18307 | D:11     | Noticed a five-headed hydra
 18325 | D:11     | Noticed a two-headed ogre
 18344 | D:11     | Killed a two-headed ogre
 18345 | D:11     | Reached XP level 13. HP: 89/89 MP: 18/18
 18638 | D:11     | Got a scorched silver ring
 18659 | D:11     | Identified the ring "Bivimm" {+Blink rF+ Int+5 Dex+4} (You
                  | found it on level 11 of the Dungeon)
 18939 | D:11     | Found a portal to a secret trove of treasure.
 19002 | D:11     | Reached skill level 5 in Polearms
 19213 | D:11     | Identified Pamet's Volume of Hurtful Contamination
 19808 | D:12     | Noticed Rupert
 19820 | D:12     | Found a staircase to the Orcish Mines.
 20050 | D:13     | Reached skill level 13 in Unarmed Combat
 20260 | D:13     | Received a gift from Okawaru
 20662 | D:13     | Found a gate to the Vaults.
 20724 | D:13     | Noticed a vault guard
 20737 | D:13     | Killed a vault guard
 20741 | D:13     | Received a gift from Okawaru
 21373 | D:7      | Found Keata's Assorted Antiques.
 21399 | D:7      | Killed Joseph
 21416 | D:7      | Found Afryhoge's Assorted Antiques.
 21423 | D:7      | Bought a scroll of teleportation for 51 gold pieces
 21437 | D:7      | Found a hide-covered altar of Uskayaw.
 21491 | D:7      | Killed Harold
 21504 | D:7      | Killed Asparus's ghost
 21956 | D:5      | Killed Grinder
 22112 | D:3      | Killed Crazy Yiuf
 22572 | Orc:1    | Entered Level 1 of the Orcish Mines
 22580 | Orc:1    | Paralysed by an orc sorcerer for 7 turns
 22585 | Orc:1    | Slain by a two-headed ogre

Illustrated notes

Levels and vault maps discovered:
D:1:      giann_forest_graveyard, layout_basic, hex_large
D:2:      layout_basic
D:3:      cheibrodos_greedy_goblins, layout_basic, hex_tiny,
          minmay_misc_feat_room, uniq_crazy_yiuf_cottage
D:4:      layout_basic, grunt_temple_overflow_open
D:5:      layout_loops_corners, uniq_grinder
D:6:      layout_loops_corners, minmay_temple_entry_overgrown, basic_altar,
          minmay_statues_item
D:7:      layout_cave_pools, lemuel_doored_altar, minmay_overflow_temple_hex,
          serial_shops, shop_statue, kennysheep_mini,
          nicolae_shop_overgrown_old_shop, gammafunk_ghost_grave, uniq_harold,
          uniq_maggie, uniq_joseph
D:8:      layout_basic, lair_entry_dummy
D:9:      layout_layer_cave, nicolae_overflow_crystal_walls
D:10:     layout_basic
D:11:     layout_rooms, nicolae_trove_entry_free_sample, hangedman_incinerator
D:12:     layout_cave_pools, erik_orc_4, kennysheep_generic_room_16, uniq_rupert
D:13:     layout_long_grid, david_vaults_5, chequers_serial_rivers_marsh
D:14:     layout_long_grid, serial_undead, serial_undead_b, serial_undead_b,
          serial_undead_c, serial_undead_b, chequers_serial_rivers_large_b
Temple:   jpeg_temple_island
Lair:1:   layout_loops_ring, grunt_megastairs_2, minmay_lair_oklob_chamber
Lair:2:   layout_roguey, serial_bayou_pond_a
Lair:3:   layout_big_grid, nicolae_swamp_entry_splash_gauntlet,
          minmay_snake_entry_spellcaster, infiniplex_staircase_pool,
          lemuel_fruit_fields
Lair:4:   layout_gridlike, gauntlet_entry_generic
Lair:5:   layout_cave_pods, dpeg_slime_entry_corner
Orc:1:    giant_chief_lemuel, layout_caves, portal_ice_cave_entry_pillars_1

Skill      XL: |  1  2  3  4  5  6  7  8  9 10 11 12 13 |
---------------+----------------------------------------+-----
Stealth        | 1 2 3 4 5 |  5.0
Unarmed Combat | 3 4 5 6 7 8 9 10 11 12 13 | 13.4
Throwing       | 1 2 4 5 6 |  6.7
Fighting       | 4 5 6 7 8 9 |  9.4
Invocations    | 1 3 5 6 7 |  7.6
Shields        | 4 5 6 7 8 |  8.5
Dodging        | 4 5 6 7 8 |  8.5
Evocations     | 1 4 |  4.0
Hexes          | 1 |  1.1
Polearms       | 4 6 |  6.9

Action                   |  1- 3 |  4- 6 |  7- 9 | 10-12 | 13-15 || total
-------------------------+-------+-------+-------+-------+-------++-------
Melee: Unarmed           |    76 |   179 |   218 |   374 |   325 ||  1172
       Constrict         |    19 |    53 |    57 |    47 |    52 ||   228
       Tentacles         |    11 |    45 |    57 |    97 |    97 ||   307
       Punch             |       |     2 |    19 |    47 |    54 ||   122
       Lance             |       |       |       |       |     6 ||     6
Throw: Boomerang         |       |     4 |     8 |    24 |    32 ||    68
       Dart              |       |       |    43 |   136 |    44 ||   223
       Javelin           |       |       |       |    10 |       ||    10
Invok: Heroism           |       |       |     1 |    35 |    10 ||    46
Evoke: Wand              |       |       |       |       |     1 ||     1
  Use: Scroll            |       |       |    10 |    14 |     5 ||    29
 Stab: Sleeping          |     9 |    13 |     3 |     4 |     2 ||    31
       Distracted        |       |     1 |     1 |       |     2 ||     4
Armor: Skin              |     7 |     6 |     6 |     6 |    19 ||    44
Dodge: Dodged            |    34 |    77 |    90 |   137 |   136 ||   474
Block: Kite shield       |    29 |    56 |    70 |   132 |   181 ||   468
